 Dungeon Crawl Stone Soup version 0.31-a0-1606-g60c5cc7444 (webtiles) character file.

Game seed: 14656373322572234493

8269 ArtD the Cleaver (level 11, -1/93 (99) HPs)
             Began as a Hill Orc Fighter on Jan 8, 2024.
             Was a Priest of Makhleb.
             Slain by a yak (9 damage)
             ... on level 10 of the Dungeon.
             The game lasted 00:50:48 (8927 turns).

ArtD the Cleaver (Hill Orc Fighter)                 Turns: 8927, Time: 00:50:49

HP:   -1/93 (99)    AC: 22    Str: 24    XL:     11   Next: 28%
MP:   11/11         EV: 13    Int:  8    God:    Makhleb [***...]
Gold: 244           SH:  0    Dex: 10    Spells: 10/10 levels left

rFire   . . .        p - +6 halberd
rCold   . . .        (shield currently unavailable)
rNeg    . . .        v - +0 plate armour
rPois   .            d - +2 helmet
rElec   .            u - +2 cloak
rCorr   .            n - +0 pair of gloves
SInv    +            (no boots)
Will    +....        (no amulet) Stlth
                     h - +5 ring of evasion
HPRegen 0.35/turn    c - ring of see invisible
MPRegen 0.12/turn

%: no passive effects
@: on fire, enlightened, flying, glowing, drained
A: no striking features
a: Renounce Religion, Minor Destruction, Lesser Servant of Makhleb


You were on level 10 of the Dungeon.
You worshipped Makhleb.
Makhleb was most pleased with you.
You visited 1 branch of the dungeon, and saw 10 of its levels.

You collected 463 gold pieces.
You spent 219 gold pieces at shops.

Inventory:

Hand Weapons
 p - a +6 halberd (weapon)
Armour
 d - a +2 helmet (worn)
 k - a +2 hat
 n - a +0 pair of gloves (worn)
 u - a +2 cloak (worn)
 v - a +0 plate armour (worn)
 E - an orb of energy
Magical Staves
 w - a staff of air
 A - a staff of cold
Jewellery
 a - a ring of willpower
 c - a ring of see invisible (right hand)
 h - a +5 ring of evasion (left hand)
Scrolls
 g - a scroll of vulnerability {unknown}
 m - 3 scrolls of teleportation
 t - a scroll of noise
 x - a scroll of identify
 z - 2 scrolls of amnesia
 B - a scroll of poison
 C - a scroll of fog {unknown}
Potions
 b - 3 potions of magic
 e - a potion of curing
 f - 3 potions of attraction
 i - 2 potions of lignification
 j - 2 potions of mutation
 l - a potion of might
 o - a potion of invisibility {unknown}
 q - a potion of degeneration {unknown}
 r - a potion of cancellation {unknown}
 s - a potion of haste {unknown}
 F - a potion of enlightenment


   Skills:
 + Level 10.0 Fighting
 + Level 12.8(14.2) Axes
 + Level 8.4(10.9) Polearms
 + Level 8.6 Armour
 + Level 2.7 Dodging
 + Level 0.2 Stealth
 + Level 5.3 Shields
 + Level 0.1 Evocations


You had 10 spell levels left.
You didn't know any spells.
Your spell library contained the following spells:

 Spells                   Type           Power      Damage    Failure   Level
 Apportation              Tloc           0%         N/A       99%         1
 Sandblast                Erth           0%         2d4       99%         1
 Sting                    Conj/Alch      0%         1d3       99%         1
 Jinxbite                 Hex            0%         N/A       100%        2
 Mercury Vapours          Alch/Air       0%         N/A       100%        2
 Inner Flame              Hex/Fire       0%         N/A       100%        3
 Passwall                 Erth           0%         N/A       100%        3
 Stone Arrow              Conj/Erth      0%         3d7       100%        3
 Brom's Barrelling Bould  Conj/Erth      0%         2d3       100%        4
 Flame Wave               Conj/Fire      0%         2d4       100%        4
 Olgreb's Toxic Radiance  Alch           0%         N/A       100%        4
 Sticky Flame             Fire/Alch      0%         2d4       100%        4
 Alistair's Intoxication  Alch           0%         N/A       100%        5
 Conjure Ball Lightning   Conj/Air       0%         3x3d6     100%        6
 Discord                  Hex            0%         N/A       100%        8
 Disjunction              Tloc           0%         N/A       100%        8


Dungeon Overview and Level Annotations

Branches:
Dungeon (10/15)            Temple (0/1) D:4            Lair (0/5) D:8
    Orc: D:9-12

Altars:
Cheibriados
Dithmenos
Elyvilon
Fedhas
Hepliaklqana
Kikubaaqudgha
Makhleb
Nemelex Xobeh
Qazlal
Vehumet
Wu Jian
Xom
Zin

Shops:
D:2 !   D:4 *   D:8 =

Annotations:
D:4 1 transporter


Message History

The deep elf pyromancer is heavily wounded.
The liquid fire burns you!
You closely miss the deep elf pyromancer.
The deep elf pyromancer is heavily wounded.
The liquid fire burns you!
The deep elf pyromancer hits you with a +1 short sword of draining.
You feel drained. The yak gores you but does no damage.
You closely miss the deep elf pyromancer.
The deep elf pyromancer is heavily wounded.
The liquid fire burns you!
The deep elf pyromancer casts a spell.
The yak gores you.
You slash the deep elf pyromancer!
The deep elf pyromancer is severely wounded.
The liquid fire burns you!
The deep elf pyromancer hits you with a +1 short sword of draining.
You feel drained. The yak gores you but does no damage.
The fire elemental hits you. The fire elemental burns you!
You slash the deep elf pyromancer!
The deep elf pyromancer is almost dead.
The liquid fire burns you!
The deep elf pyromancer points at you and mumbles some strange words.
The bolt of fire misses you. The yak misses you. The fire elemental hits you.
The fire elemental burns you!
You feel very buoyant.
You fly up into the air.
The liquid fire burns you!
* * * LOW HITPOINT WARNING * * *
The deep elf pyromancer gestures wildly while chanting.
The yak gores you!
* * * LOW HITPOINT WARNING * * *
The fire elemental hits you. The fire elemental burns you!
* * * LOW HITPOINT WARNING * * *
You feel better. The liquid fire burns you!
* * * LOW HITPOINT WARNING * * *
The fire elemental closely misses you.
The deep elf pyromancer casts a spell.
The deep elf pyromancer blinks!
The yak gores you!
You die...

..# #....##..###
..# ###....##.##
.#######......##.#
.........#....##.#
.#########....##e#
.# #....##.# .#
#>...##.# .#
###.###E# .# .#
#@# .# .##§Y#
.######### #YY##
.........### #E#
.######....# #. .#
#.... .. .# .). ..
.#####.# ...
.......# ...


You could see a deep elf pyromancer, 3 yaks and 2 fire elementals.

Vanquished Creatures
  2 two-headed ogres (D:9)
  Pikel (D:7)
  A deep elf pyromancer (D:9)
  A cyclops (D:10)
  An elephant (D:8)
  Grinder (D:5)
  Sigmund (D:2)
  9 yaks
  A wraith (D:10)
  2 basilisks (D:8)
  3 steam dragons
  3 orc warriors
  A sky beast (D:7)
  An ice beast (D:5)
  An ogre (D:5)
  3 centaurs
  A phantom (D:5)
  2 kobold brigands (D:9)
  2 bullfrogs (D:7)
  2 scorpions
  8 wights
  6 killer bees (D:9)
  4 howler monkeys
  4 crimson imps (D:6)
  4 bombardier beetles
  4 jellies
  An orc priest (D:4)
  4 hounds
  Jessica (D:3)
  6 iguanas
  2 sleepcaps
  A gnoll bouda (D:6)
  4 orc wizards
  5 adders
  14 gnolls
  A white imp (D:7)
  2 ufetubi (D:5)
  A ribbon worm (D:2)
  33 orcs
  6 endoplasms
  6 giant cockroaches
  9 goblins
  8 hobgoblins
  2 jackals (D:3)
  12 kobolds
  5 quokkas
  9 ball pythons
  4 bats
  3 frilled lizards
  6 rats
214 creatures vanquished.

Notes
Turn   | Place    | Note
-------+----------+-------------------------------------------
     0 | D:1      | ArtD the Hill Orc Fighter began the quest for the Orb.
     0 | D:1      | Reached XP level 1. HP: 19/19 MP: 1/1
    24 | D:1      | Reached XP level 2. HP: 27/27 MP: 2/2
   271 | D:1      | Reached XP level 3. HP: 32/33 MP: 3/3
   470 | D:1      | Reached skill level 3 in Axes
  1068 | D:2      | Reached XP level 4. HP: 36/40 MP: 4/4
  1077 | D:2      | Found Tamel's Distillery.
  1123 | D:2      | Noticed Sigmund
  1176 | D:2      | Killed Sigmund
  1177 | D:2      | Reached skill level 5 in Axes
  1177 | D:2      | Reached XP level 5. HP: 39/47 MP: 5/5
  1263 | D:2      | Bought a potion of curing for 39 gold pieces
  1526 | D:3      | Reached XP level 6. HP: 52/53 MP: 6/6
  2110 | D:3      | Identified the -1 pair of gloves "Gubih" {Harm rF+ rCorr
                  | Dex-3}
  2210 | D:3      | Reached skill level 1 in Dodging
  2270 | D:3      | Noticed Jessica
  2280 | D:3      | Killed Jessica
  2314 | D:3      | Found a burning altar of Makhleb.
  2314 | D:3      | Noticed a blizzard demon
  2320 | D:3      | Noticed a ynoxinul
  2320 | D:3      | Noticed an orange demon
  2322 | D:3      | Became a worshipper of Makhleb the Destroyer
  2461 | D:4      | Reached skill level 6 in Axes
  2489 | D:4      | Found a staircase to the Ecumenical Temple.
  2547 | D:4      | Found a white marble altar of Elyvilon.
  2556 | D:4      | Reached skill level 5 in Fighting
  2574 | D:4      | Reached XP level 7. HP: 36/61 MP: 7/7
  2731 | D:4      | Found Myhaiwia's Lightly-Used Armoury.
  3081 | D:4      | Found a sparkling altar of Nemelex Xobeh.
  3081 | D:4      | Found a transporter.
  3208 | D:4      | Found a shadowy altar of Dithmenos.
  3208 | D:4      | Found a stormy altar of Qazlal.
  3245 | D:4      | Reached skill level 7 in Axes
  3273 | D:4      | Found an ancient bone altar of Kikubaaqudgha.
  3446 | D:5      | Entered Level 5 of the Dungeon
  3498 | D:5      | Found a glowing silver altar of Zin.
  3699 | D:5      | Reached * piety under Makhleb
  3810 | D:5      | Reached skill level 8 in Axes
  3810 | D:5      | Reached skill level 5 in Armour
  3827 | D:5      | Found an ornate altar of the Wu Jian Council.
  3958 | D:5      | Reached XP level 8. HP: 64/70 MP: 8/8
  4135 | D:5      | Noticed Grinder
  4143 | D:5      | Paralysed by Grinder for 4 turns
  4150 | D:5      | Reached skill level 9 in Axes
  4150 | D:5      | Paralysed by Grinder for 4 turns
  4157 | D:5      | Killed Grinder
  4412 | D:5      | Reached skill level 10 in Axes
  5209 | D:6      | Found a shimmering altar of Xom.
  5231 | D:6      | Reached XP level 9. HP: 70/75 MP: 9/9
  5244 | D:6      | Reached ** piety under Makhleb
  5455 | D:6      | Reached skill level 11 in Axes
  5777 | D:7      | Found a radiant altar of Vehumet.
  5956 | D:7      | Paralysed by an orc for 3 turns
  6049 | D:7      | Noticed Pikel
  6063 | D:7      | Killed Pikel
  6064 | D:7      | Reached skill level 12 in Axes
  6064 | D:7      | Reached skill level 5 in Shields
  6542 | D:8      | Found Dumez's Jewellery Emporium.
  6620 | D:8      | Noticed an elephant
  6634 | D:8      | Reached skill level 1 in Polearms
  6634 | D:8      | Reached XP level 10. HP: 86/88 MP: 10/10
  6682 | D:8      | Found a staircase to the Lair.
  6700 | D:8      | Killed an elephant
  7291 | D:8      | Bought a ring of see invisible for 180 gold pieces
  7551 | D:9      | Noticed a two-headed ogre
  7563 | D:9      | Killed a two-headed ogre
  7564 | D:9      | Reached skill level 5 in Polearms
  7788 | D:9      | Noticed a two-headed ogre
  7798 | D:9      | Killed a two-headed ogre
  7880 | D:9      | Reached *** piety under Makhleb
  7902 | D:9      | Reached XP level 11. HP: 61/97 MP: 11/11
  8315 | D:9      | Found a blossoming altar of Fedhas.
  8420 | D:9      | Noticed a deep elf pyromancer
  8426 | D:9      | Killed a deep elf pyromancer
  8506 | D:9      | Found a snail-covered altar of Cheibriados.
  8588 | D:10     | Entered Level 10 of the Dungeon
  8595 | D:10     | Noticed a cyclops
  8610 | D:10     | Killed a cyclops
  8701 | D:10     | Found a hazy altar of Hepliaklqana.
  8791 | D:10     | Reached skill level 10 in Fighting
  8906 | D:10     | Noticed a deep elf pyromancer
  8927 | D:10     | Slain by a yak

Illustrated notes

Levels and vault maps discovered:
D:1:      kennysheep_arrival_forest, layout_loops_corners,
          minmay_split_cup_small
D:2:      layout_rooms, serial_shops, shop, uniq_sigmund
D:3:      layout_loops_ring, makhleb_altar_promises_db, grunt_ministairs_10,
          uniq_jessica
D:4:      layout_basic, kennysheep_little_box, grunt_nemelex_the_gamble,
          gammafunk_temple_overflow_wave, overflow_temple_1_default,
          temple_hall, minmay_shop_damaged
D:5:      kb_forest_paths, layout_basic, zin_statuary,
          mainiacjoe_overflow_tiny_flanked, uniq_grinder
D:6:      layout_cave_pods, led_xom_imps, hangedman_decor_clover_reticule
D:7:      layout_rooms, mainiacjoe_overflow_alcove_2, dreamdust_princess_bridge,
          lemuel_flame_loot_1, uniq_pikel
D:8:      layout_loops_ring, david_lair_generic, serial_shops,
          nicolae_shop_crystal
D:9:      layout_stronghold, slow_altar_2, fedhas_bush_and_centaur_altar
D:10:     layout_rooms, mainiacjoe_overflow_alcove_1

Skill      XL: |  1  2  3  4  5  6  7  8  9 10 11 |
---------------+----------------------------------+-----
Fighting       | 4 5 6 7 9 10 | 10.0
Armour         | 4 5 6 7 8 |  8.6
Axes           | 3 5 6 8 10 12 | 12.8
Dodging        | 1 2 |  2.7
Shields        | 4 5 |  5.3
Polearms       | 1 7 8 |  8.4
Stealth        | |  0.2
Evocations     | |  0.1

Action                     |  1- 3 |  4- 6 |  7- 9 | 10-12 || total
---------------------------+-------+-------+-------+-------++-------
  Melee: War axe           |    87 |   164 |   285 |       ||   536
         Halberd           |       |       |    14 |   229 ||   243
  Evoke: Wand              |       |       |       |     5 ||     5
    Use: Scroll            |     5 |     6 |     7 |     6 ||    24
         Potion            |       |     1 |     3 |     6 ||    10
 Armour: Scale mail        |    63 |    13 |       |       ||    76
         Chain mail        |       |    70 |   113 |       ||   183
         Plate armour      |       |       |    84 |   276 ||   360
  Dodge: Dodged            |    49 |   132 |   183 |   230 ||   594
  Block: Buckler           |    17 |    40 |    78 |       ||   135

Table legend: (Time is in decaauts)
 A = Elapsed time spent in this place.
 B = Non-inter-level travel time spent in this place.
 C = Inter-level travel time spent in this place.
 D = Time resting spent in this place.
 E = Time spent auto-exploring this place.
 F = Levels seen in this place.
 G = Mean time per level.
                   A        B        C        D        E       F      G
               +--------+--------+--------+--------+--------+-----+--------+
         Total |   9044 |   9044 |      0 |    608 |     31 |  10 |  904.4 |
       Dungeon |   9044 |   9044 |      0 |    608 |     31 |  10 |  904.4 |
               +--------+--------+--------+--------+--------+-----+--------+

Top non-repeatable levels by time:
     D:5: 1493 daAuts
     D:9: 1266 daAuts
     D:4: 1099 daAuts
     D:8: 972 daAuts
     D:1: 923 daAuts
     D:3: 868 daAuts
     D:6: 763 daAuts
     D:7: 680 daAuts
     D:2: 638 daAuts
    D:10: 337 daAuts
